 Dungeon Crawl Stone Soup version 0.23.2-1-ga50397a (webtiles) character file.

Game seed: 17503348774125818814

5228 Bollixed the Insei (level 10, -3/72 HPs)
             Began as an Octopode Transmuter on May 31, 2019.
             Was an Elder of Okawaru.
             Slain by a bullfrog (8 damage)
             ... on level 9 of the Dungeon.
             The game lasted 00:30:24 (12055 turns).

Bollixed the Insei (Octopode Transmuter)           Turns: 12055, Time: 00:30:24

Health: -3/72      AC:  1    Str:  9    XL:     10   Next: 61%
Magic:  17/18      EV: 20    Int: 11    God:    Okawaru [****..]
Gold:   448        SH:  4    Dex: 19    Spells: 12/20 levels left

rFire    + + +     SeeInvis .   t - +5 quarterstaff of the Maze {venom, rF+++ Int-5}
rCold    . . .     Gourm    .   (shield currently unavailable)
rNeg     . . .     Faith    .   (helmet restricted)
rPois    +         Spirit   .   s - +4 amulet of reflection
rElec    .         Reflect  +   h - ring of poison resistance
rCorr    .         Harm     .   j - +1 ring of evasion
MR       +....                  B - ring of flight
Stlth    +++++.....             F - +3 ring of dexterity
HPRegen  0.22/turn              K - ring of protection from magic
MPRegen  0.16/turn              (no ring)
                                (no ring)
                                (no ring)

@: heroism, hasted, very quick
A: almost no armour, stealthy swim, amphibious, 8 rings, constrict 8, camouflage
1, gelatinous body 1
a: Heroism, Renounce Religion, Evoke Flight


You were on level 9 of the Dungeon.
You worshipped Okawaru.
Okawaru was greatly pleased with you.
You were not hungry.

You visited 2 branches of the dungeon, and saw 10 of its levels.
You also visited: Ossuary.

You collected 448 gold pieces.

Inventory:

Hand Weapons
 t - the +5 quarterstaff of the Maze (weapon) {venom, rF+++ Int-5}
   (You found it on level 4 of the Dungeon)

   It poisons the flesh of those it strikes.
   It affects your intelligence (-5).
   It renders you almost immune to fire.
Missiles
 a - 173 arrows
 q - 8 javelins (quivered)
Jewellery
 h - a ring of poison resistance (left tentacle)
 j - a +1 ring of evasion (right tentacle)
 s - a +4 amulet of reflection (around mantle)
 B - a ring of flight (on tentacle)
 F - a +3 ring of dexterity (on tentacle)
 K - a ring of protection from magic (on tentacle)
Wands
 v - a wand of iceblast (6)
 D - a wand of flame (22)
 G - a wand of scattershot (3)
Scrolls
 b - a scroll of vulnerability {unknown}
 e - 2 scrolls of enchant armour {unknown}
 f - 2 scrolls of enchant weapon {unknown}
 g - 3 scrolls of remove curse
 l - a scroll of teleportation {unknown}
 m - 2 scrolls of magic mapping {unknown}
 n - 2 scrolls of holy word {unknown}
 p - 2 scrolls of fear {unknown}
 r - a scroll of noise {unknown}
 y - 2 scrolls of blinking {unknown}
 z - 3 scrolls of random uselessness {unknown}
 A - a scroll of immolation {unknown}
 C - 3 scrolls of identify
 H - a scroll of amnesia {unknown}
Potions
 d - a potion of lignification {unknown}
 i - a potion of might
 k - a potion of flight
 o - a potion of cancellation
 u - a potion of haste
 w - a potion of agility {unknown}
 x - a potion of ambrosia {unknown}
 E - 2 potions of curing {unknown}
 I - a potion of berserk rage {unknown}
 J - a potion of mutation {unknown}
Comestibles
 c - 16 rations
 L - 6 chunks of flesh


   Skills:
 + Level 7.7(12.7) Fighting
 + Level 1.9(6.9) Staves
 * Level 2.8(7.8) Dodging
 - Level 1.4(6.4) Stealth
 * Level 7.7(12.7) Unarmed Combat
 - Level 5.7 Spellcasting
 - Level 4.0 Translocations
 - Level 5.0 Transmutations
 - Level 5.5 Poison Magic
 + Level 4.7 Invocations


You had 12 spell levels left.
You knew the following spells:

 Your Spells              Type           Power        Failure   Level  Hunger
a - Beastly Appendage     Tmut           ##....       2%          1    None
b - Sticks to Snakes      Tmut           ##......     3%          2    ##.....
c - Spider Form           Tmut/Pois      ##........   7%          3    ###....
d - Blink                 Tloc           N/A          6%          2    ##.....

Your spell library contained the following spells:

 Spells                   Type           Power        Failure   Level  Hunger
 Magic Dart               Conj           #...         21%         1    None
 Mephitic Cloud           Conj/Pois/Air  #.......     28%         3    ###....
 Call Imp                 Summ           #.......     30%         2    ##.....
 Slow                     Hex            #.......     30%         2    ##.....
 Conjure Flame            Conj/Fire      #.......     52%         3    ###....
 Ice Form                 Ice/Tmut       #.......     56%         4    ####...
 Blade Hands              Tmut           ##........   56%         5    ######.


Dungeon Overview and Level Annotations

Branches:
Dungeon (9/15)             Temple (1/1) D:5            Lair (0/6) D:9
    Orc: D:9-12

Altars:
Ashenzari
Cheibriados
Dithmenos
Elyvilon
Fedhas
Gozag
Hepliaklqana
Kikubaaqudgha
Makhleb
Nemelex Xobeh
Okawaru
Qazlal
Ru
Sif Muna
Trog
Uskayaw
Vehumet
Wu Jian
Xom
Yredelemnul
Zin
The Shining One

Annotations:
D:2 exclusion: downstairs
D:4 exclusion: downstairs
D:6 exclusion: downstairs
D:7 exclusion: downstairs, Joseph


Innate Abilities, Weirdness & Mutations

You cannot wear most types of armour.
You are very stealthy in the water. (Stealth+)
You are amphibious.
You can wear up to eight rings at the same time.
You can use your tentacles to constrict eight enemies at once.
Your skin changes colour to match your surroundings (Stealth+).
Your rubbery body absorbs attacks. (AC +1, EV +1)


Message History

The porcupine bites you.
You are struck by the porcupine's spines.
You barely miss the porcupine. Your squeeze misses the porcupine.
The porcupine is severely wounded.
You block the porcupine's attack. The porcupine closely misses you.
You are struck by the porcupine's spines.
* * * LOW HITPOINT WARNING * * *
You sock the porcupine!
You kill the porcupine!
Okawaru accepts your kill. The bullfrog misses you. The bullfrog hits you.
* * * LOW HITPOINT WARNING * * *
The bullfrog closely misses you. The bullfrog hits you!
* * * LOW HITPOINT WARNING * * *
You sock the bullfrog! Your grab misses the bullfrog.
The bullfrog is moderately wounded.
The bullfrog completely misses you.
You feel yourself speed up. The bullfrog hits you!
You die...

.#.'...⌠...'..#.......P.PP.P.PPPP
.#(#.......#..+........P...PP.PPP
.#.#.⌠...⌠.#..#.....P.PP.PP..P...
.#.#.......#..#.........PPP>PP.P.
.#.####'####..#..###.PPP.PP..P...
.#......'.....#..# #P...P.PP..PP.
##......####+##..# #..P..P..PP..P
.................# ##..P.PP...PPP
................@####.....PP.PPP.
.............(..OF.......P..P....
##'#...................P..PPP..PP
...#.............####+.PP....P...
.).'.............#........P......
...#.............#....#..........
...##....####+#..#....#..####....
....#....#....#..######.Y# ..
....#....#....#.....>....'....Y.


You could see an ogre and a bullfrog.

Vanquished Creatures
  A queen ant (D:8)
  A hippogriff (D:8)
  4 hogs (D:8)
  A human (D:8)
  Menkaure (D:7)
  2 soldier ants (D:8)
  A porcupine (D:9)
  2 orc warriors (D:8)
  3 ice beasts
  A sky beast (D:6)
  A phantom (D:8)
  3 black bears (D:9)
  2 ogres (D:5)
  A necrophage (D:8)
  4 centaurs
  4 bullfrogs
  A wyvern skeleton (D:7)
  A scorpion (D:9)
  4 killer bees (D:7)
  2 howler monkeys (D:8)
  5 crimson imps
  5 centaur zombies
  2 hounds
  A centaur skeleton (D:3)
  2 orc priests (D:8)
  3 jellies
  2 orc wizards (D:8)
  9 worker ants
  3 big kobold zombies (Ossuary)
  A hound skeleton (D:5)
  4 mummies (Ossuary)
  A howler monkey zombie (D:5)
  A worker ant zombie (D:9)
  Robin (D:1)
  3 gnolls (D:6)
  9 adders
  A shadow imp (D:5)
  4 oozes
  2 worms (D:2)
  2 leopard geckos
  13 orcs
  7 giant cockroaches
  7 goblins
  5 hobgoblins
  13 jackals
  4 quokkas
  2 ball pythons
  8 bats
  2 frilled lizards (D:2)
  3 hobgoblin zombies (Ossuary)
  3 kobolds (D:1)
  A leopard gecko zombie (D:6)
  10 rats
  2 rat zombies (D:5)
181 creatures vanquished.

Vanquished Creatures (collateral kills)
  An iguana (D:3)
1 creature vanquished.

Vanquished Creatures (others)
  14 fungi (D:9)
  A plant (D:9)
15 creatures vanquished.

Grand Total: 197 creatures vanquished

Notes
Turn   | Place    | Note
-------+----------+-------------------------------------------
     0 | D:1      | Bollixed the Octopode Transmuter began the quest for the
                  | Orb.
     0 | D:1      | Reached XP level 1. HP: 13/13 MP: 3/3
   165 | D:1      | Reached XP level 2. HP: 17/18 MP: 3/5
   175 | D:1      | Learned a level 2 spell: Sticks to Snakes
   589 | D:1      | Reached XP level 3. HP: 23/23 MP: 6/6
   765 | D:2      | Noticed Robin
   774 | D:1      | Killed Robin
   774 | D:1      | Reached skill level 1 in Stealth
  1024 | D:2      | Learned a level 3 spell: Spider Form
  1147 | D:2      | Reached XP level 4. HP: 28/28 MP: 5/7
  1237 | D:2      | Reached skill level 1 in Poison Magic
  1996 | D:3      | Reached XP level 5. HP: 28/33 MP: 6/8
  3153 | D:4      | Noticed a phantom
  3224 | D:4      | Got a brightly glowing quarterstaff
  3225 | D:4      | Identified the +5 quarterstaff of the Maze {venom, rF+++
                  | Int-5} (You found it on level 4 of the Dungeon)
  3288 | D:4      | Found a radiant altar of Vehumet.
  3734 | D:5      | Entered Level 5 of the Dungeon
  3773 | D:5      | Noticed a centaur
  3785 | D:5      | Killed a centaur
  3785 | D:5      | Reached skill level 5 in Unarmed Combat
  3785 | D:5      | Reached XP level 6. HP: 11/38 MP: 10/10
  3878 | D:5      | Noticed an ice beast
  3969 | D:5      | Found a staircase to the Ecumenical Temple.
  3980 | Temple   | Entered the Ecumenical Temple
  4019 | Temple   | Became a worshipper of Warmaster Okawaru
  4226 | D:5      | Found a glowing silver altar of Zin.
  4354 | D:5      | Reached XP level 7. HP: 36/44 MP: 11/11
  4358 | D:5      | Found a sand-covered staircase.
  4372 | D:5      | Learned a level 2 spell: Blink
  4373 | Ossuary  | Entered an ossuary
  4998 | D:5      | HP: 1/45 [adder (3)]
  5404 | D:5      | Reached XP level 8. HP: 46/51 MP: 13/13
  5411 | D:5      | Reached * piety under Okawaru
  6223 | D:6      | Reached skill level 5 in Poison Magic
  7009 | D:7      | Noticed Menkaure
  7014 | D:7      | Killed Menkaure
  7017 | D:7      | Reached skill level 1 in Invocations
  7069 | D:7      | Reached ** piety under Okawaru
  7121 | D:7      | Noticed Joseph
  7305 | D:7      | Reached XP level 9. HP: 28/58 MP: 12/15
  8012 | D:7      | Reached skill level 1 in Translocations
  8013 | D:7      | HP: 1/59 [killer bee (2)]
  8928 | D:8      | Reached skill level 5 in Fighting
  9646 | D:8      | Noticed a queen ant
 10037 | D:8      | Reached skill level 5 in Spellcasting
 10037 | D:8      | Reached skill level 5 in Transmutations
 10584 | D:8      | Reached *** piety under Okawaru
 10710 | D:8      | Killed a queen ant
 10710 | D:8      | Reached XP level 10. HP: 34/69 MP: 15/18
 11179 | D:8      | Reached **** piety under Okawaru
 11815 | D:9      | Found a staircase to the Lair.
 11917 | D:9      | Reached skill level 1 in Staves
 12055 | D:9      | Slain by a bullfrog

Skill      XL: |  1  2  3  4  5  6  7  8  9 10 |
---------------+-------------------------------+-----
Stealth        | 1 |  1.4
Unarmed Combat | 4 5 6 7 |  7.7
Poison Magic   | 1 2 3 4 5 |  5.5
Spellcasting   | 3 4 5 |  5.7
Transmutations | 3 4 5 |  5.0
Fighting       | 2 4 6 7 |  7.7
Invocations    | 1 4 |  4.7
Translocations | 3 4 |  4.0
Staves         | 1 |  1.9
Dodging        | |  2.8

Action                   |  1- 3 |  4- 6 |  7- 9 | 10-12 || total
-------------------------+-------+-------+-------+-------++-------
Melee: Unarmed           |    65 |    88 |    28 |     5 ||   186
       Constrict         |    18 |    26 |    43 |    14 ||   101
       Tentacles         |    11 |    19 |    32 |     9 ||    71
       Kick              |     6 |    13 |     6 |       ||    25
       Punch             |     3 |     2 |    16 |     4 ||    25
       Quarterstaff      |       |    27 |   245 |    52 ||   324
 Cast: Beastly Appendage |    11 |    14 |     6 |       ||    31
       Sticks to Snakes  |       |     2 |     4 |       ||     6
       Spider Form       |       |       |     5 |     1 ||     6
       Blink             |       |       |     4 |       ||     4
Invok: Heroism           |       |       |     6 |     2 ||     8
  Use: Scroll            |       |     6 |     1 |       ||     7
       Potion            |       |       |     5 |     1 ||     6
 Stab: Sleeping          |     9 |     6 |     7 |       ||    22
       Distracted        |       |       |     1 |       ||     1
  Eat: Chunk             |     1 |     7 |    11 |     4 ||    23
       Ration            |       |     1 |     3 |       ||     4
Armor: Skin              |     5 |     4 |    16 |     4 ||    29
Dodge: Dodged            |    38 |    74 |   194 |    55 ||   361
Block: Other             |       |     9 |    46 |    12 ||    67
